Flames vs Canadiens
Created - 3 mars 2017 at 19:02
Goals
|
Flames |
0 |
0 |
2 |
2 |
Canadiens |
2 |
3 |
2 |
7 |
|
Shots
|
Flames |
6 |
7 |
15 |
28 |
Canadiens |
6 |
11 |
12 |
29 |
|
1st period
1. Canadiens , Dustin Boyd 9 (Jiri Fischer) at 15:30
2. Canadiens , Dustin Boyd 10 (Greg Stewart, Chris Phillips) at 18:53
Penalties :
Alexander Semin (Cal) for Hooking (Minor) at 0:23, Jay McKee (Mon) for Roughing (Minor) at 6:40, Marc Savard (Mon) for High sticking (Minor) at 12:03
2nd period
3. Canadiens , Patrick Sharp 13 (Marc Savard, Wade Redden) at 1:15
4. Canadiens , Andrei Loktionov 17 (Evgeny Dadonov, Dennis Wideman) at 8:44
5. Canadiens , Dustin Boyd 11 (Jonas Hoglund, Ladislav Smid) at 14:54
Penalties :
David Backes (Cal) for Hooking (Minor) at 1:18, Noah Welch (Cal) for Interference (Minor) at 6:37, Dustin Boyd (Mon) for Cross-checking (Minor) at 9:45
3rd period
6. Canadiens , Patrick Sharp 14 (Marc Savard) at 0:04
7. Canadiens , Evgeny Dadonov 13 (Jiri Tlusty, Jiri Fischer) at 2:47
8. Flames , Patrik Berglund 14 (Erik Johnson, Mark Bell) at 12:53
9. Flames , Patrik Berglund 15 (Mark Bell, Erik Johnson) at 14:31
Penalties :
Devin Setoguchi (Mon) for Fighting (Major) at 3:55, Brendan Mikkelson (Cal) for Fighting (Major) at 3:55, Marc Savard (Mon) for Holding (Minor) at 6:57, Wade Redden (Mon) for Fighting (Major) at 14:51, Erik Johnson (Cal) for Fighting (Major) at 14:51, Wade Redden (Mon) for instigated a fight (Minor) at 14:51, Wade Redden (Mon) for instigated a fight (10 Minutes Misconduct) at 14:51
Goalie Stats
Craig Anderson (Cal), 6 saves from 9 shots - (0,667), 18:49 minutes
Pekka Rinne (Cal), 16 saves from 20 shots - (0,800), L, 22-17-4, 41:11 minutes
Jonathan Bernier (Mon), 26 saves from 28 shots - (0,929), W, 18-17-7, 60:00 minutes
Players Stats for Flames
Player Name G A P +/- PIM S H SB GA TA FO MP PP MP PK MP
------------------------------------------------------------------------------------
Alexander Semin 0 0 0 -1 2 4 2 1 1 0 0/0 21:43 5:27 1:25
Brad Marchand 0 0 0 0 0 0 1 0 0 0 0/0 9:11 0:01 1:52
Brendan Mikkelson 0 0 0 -1 5 1 0 0 1 0 0/0 11:02 0:44 0:00
Colin Wilson 0 0 0 0 0 0 0 0 0 0 0/2 6:58 0:00 0:00
David Backes 0 0 0 -1 2 3 2 1 1 0 0/0 20:07 5:27 0:00
Eric Staal 0 0 0 -1 0 4 1 1 0 0 16/29 22:05 5:27 1:59
Erik Johnson 0 2 2 0 5 2 2 0 0 3 0/0 21:54 5:09 0:00
Jordin Tootoo 0 0 0 -2 0 1 1 1 0 1 0/1 17:19 0:01 3:19
Marcel Goc 0 0 0 -3 0 1 1 1 1 1 6/10 12:08 0:00 3:19
Mark Bell 0 2 2 -1 0 2 3 1 0 0 1/1 13:27 0:00 0:00
Michel Ouellet 0 0 0 -2 0 1 3 0 0 1 0/0 13:05 4:27 0:00
Noah Welch 0 0 0 -1 2 0 4 0 0 0 0/0 12:01 4:28 0:00
Patrik Berglund 2 0 2 -1 0 2 0 0 1 0 11/19 17:50 4:27 0:00
Robyn Regehr 0 0 0 -3 0 2 0 2 1 0 0/0 22:12 2:43 2:28
Ron Hainsey 0 0 0 -2 0 2 0 0 0 0 0/0 13:45 0:36 3:29
Steve Eminger 0 0 0 -1 0 1 1 0 0 0 0/0 23:16 0:36 3:29
Steve Regier 0 0 0 -2 0 1 0 0 3 0 0/0 13:05 4:27 0:00
Tomas Kaberle 0 0 0 -3 0 1 1 2 0 1 0/0 22:50 5:35 2:28
Players Stats for Canadiens
Player Name G A P +/- PIM S H SB GA TA FO MP PP MP PK MP
------------------------------------------------------------------------------------
Andrei Loktionov 1 0 1 2 0 2 6 0 0 0 2/6 13:02 0:00 0:00
Chris Phillips 0 1 1 1 0 0 0 0 0 1 0/0 10:03 0:00 0:00
Dennis Wideman 0 1 1 2 0 0 2 1 0 0 0/0 29:08 3:35 6:28
Devin Setoguchi 0 0 0 1 5 3 1 1 1 0 0/0 19:40 3:03 2:15
Dustin Boyd 3 0 3 2 2 4 2 0 1 1 5/14 16:59 2:54 1:55
Evgeny Dadonov 1 1 2 2 0 3 2 0 0 0 0/0 12:57 0:00 1:13
Greg Stewart 0 1 1 2 0 5 3 1 0 0 1/2 19:56 2:54 4:23
Jay McKee 0 0 0 1 2 0 0 0 0 0 0/0 10:41 0:00 0:27
Jiri Fischer 0 2 2 2 0 1 1 0 1 2 0/0 20:35 2:22 3:23
Jiri Tlusty 0 1 1 2 0 3 2 0 1 1 0/0 11:35 0:00 0:00
Jonas Hoglund 0 1 1 2 0 1 0 0 0 1 0/0 14:46 2:54 0:00
Jordan Caron 0 0 0 0 0 0 0 0 0 0 0/0 4:35 0:00 0:00
Ladislav Smid 0 1 1 2 0 1 0 4 1 0 0/0 28:06 3:35 6:28
Marc Savard 0 2 2 1 4 1 0 2 0 1 14/31 22:06 3:03 3:16
Martin Hanzal 0 0 0 0 0 1 2 0 0 0 0/2 8:04 0:00 2:23
Matt Carle 0 0 0 0 0 0 0 0 0 0 0/0 2:40 0:00 0:35
Patrick Sharp 2 0 2 1 0 4 0 0 2 2 6/7 26:20 3:03 4:26
Wade Redden 0 1 1 2 17 0 2 0 0 0 0/0 18:47 2:22 2:29
3 Stars
1 - Dustin Boyd (Mon)
2 - Evgeny Dadonov (Mon)
3 - Andrei Loktionov (Mon)
Power Play
Flames - 0 on 5 Attempt(s) - 0,00%
Canadiens - 0 on 3 Attempt(s) - 0,00%
Penalty Kill
Flames - 3 on 3 Attempt(s) - 100,00%
- Score 0 goal in Penalty Kill
Canadiens - 5 on 5 Attempt(s) - 100,00%
- Score 0 goal in Penalty Kill
Team Stat
Flames - Hits : 22 - Faceoff Wins : 34 - Blocked Shots : 10 - Penalty Minutes : 16
Canadiens - Hits : 23 - Faceoff Wins : 28 - Blocked Shots : 9 - Penalty Minutes : 30
Official
Referees : Rooney Chris and Auger Stephane
Linesman : Scott Driscoll and Derek Nansen
Game Notes
Craig Anderson enters game at 1:15 of 2nd period
8:44 of 2nd period - Canadiens goal is going for a video replay. After video review, Goal.
Dustin Boyd has scored a Hat Trick!
Pekka Rinne enters game at 0:04 of 3rd period
Brendan Mikkelson beats up Devin Setoguchi at 3:55 of 3rd period
Wade Redden beats up Erik Johnson at 14:51 of 3rd period
Finance
Level 1 -- Attendance: 5911 (98,52%) -- Ticket Income 508 346 $
Level 2 -- Attendance: 4669 (93,38%) -- Ticket Income 233 450 $
Level 3 -- Attendance: 1830 (91,50%) -- Ticket Income 56 730 $
Level 4 -- Attendance: 3237 (80,93%) -- Ticket Income 71 214 $
Luxury Box -- Attendance: 794 (79,40%) -- Ticket Income 131 010 $
Game was played at the Centre Bell.
Total Attendance: 16441 (91,34%)
Total Ticket Income: 1 000 750 $
Other Income: 150 112 $
Total Income: 1 150 862 $
Flames
5 vs 5 Forward
Center Left Wing Right Wing Time % Phy DF OF
1 Eric Staal Alexander Semin David Backes 39 1 2 2
2 Patrik Berglund Mark Bell Jordin Tootoo 30 1 2 2
3 Marcel Goc Steve Regier Michel Ouellet 21 1 2 2
4 Colin Wilson Brad Marchand Noah Welch 10 1 2 2
5 vs 5 Defense
Defense Defense Time % Phy DF OF
1 Erik Johnson Steve Eminger 40 1 2 2
2 Robyn Regehr Tomas Kaberle 30 1 2 2
3 Ron Hainsey Brendan Mikkelson 20 1 2 2
4 Robyn Regehr Steve Eminger 10 1 2 2
PowerPlay Forward
Center Left Wing Right Wing Time % Phy DF OF
1 Eric Staal Alexander Semin David Backes 60 1 1 3
2 Patrik Berglund Steve Regier Michel Ouellet 40 1 1 3
PowerPlay Defense
Defense Defense Time % Phy DF OF
1 Erik Johnson Tomas Kaberle 60 1 1 3
2 Robyn Regehr Noah Welch 40 1 1 3
Penalty Kill 4 Players Forward
Center Wing Time % Phy DF OF
1 Marcel Goc Jordin Tootoo 60 1 3 1
2 Eric Staal Alexander Semin 40 1 3 1
Penalty Kill 4 Players Defense
Defense Defense Time % Phy DF OF
1 Ron Hainsey Steve Eminger 60 1 4 0
2 Robyn Regehr Tomas Kaberle 40 1 4 0
Penalty Kill - 3 Players Forward
Forward Time % Phy DF OF
1 Eric Staal 60 1 4 0
2 Alexander Semin 40 1 4 0
Penalty Kill - 3 Players Defense
Defense Defense Time % Phy DF OF
1 Ron Hainsey Steve Eminger 60 1 4 0
2 Robyn Regehr Tomas Kaberle 40 1 4 0
4 vs 4 Forward
Center Wing Time % Phy DF OF
1 Eric Staal Alexander Semin 60 1 2 2
2 Patrik Berglund Jordin Tootoo 40 1 2 2
4 vs 4 Defense
Defense Defense Time % Phy DF OF
1 Erik Johnson Steve Eminger 60 1 2 2
2 Robyn Regehr Tomas Kaberle 40 1 2 2
Last Minutes Offensive
Center Left Wing Right Wing Defense Defense
Eric Staal Alexander Semin David Backes Erik Johnson Steve Eminger
Last Minutes Defensive
Center Left Wing Right Wing Defense Defense
Eric Staal Alexander Semin David Backes Erik Johnson Steve Eminger
Goaltenders
Starting : Pekka Rinne
Backup : Craig Anderson
Extra Forwards
Normal : Alexander Semin, Jordin Tootoo, Steve Regier - PP : Jordin Tootoo, Steve Regier - PK : Brad Marchand
Extra Defensemen
Normal : Erik Johnson, Tomas Kaberle, Ron Hainsey - PP : Noah Welch - PK : Erik Johnson, Tomas Kaberle
Penalty Shots
Eric Staal, Alexander Semin, Patrik Berglund, David Backes, Colin Wilson
Canadiens
5 vs 5 Forward
Center Left Wing Right Wing Time % Phy DF OF
1 Marc Savard Patrick Sharp Devin Setoguchi 40 1 2 2
2 Dustin Boyd Greg Stewart Jonas Hoglund 30 1 2 2
3 Andrei Loktionov Evgeny Dadonov Jiri Tlusty 20 1 2 2
4 Martin Hanzal Patrick Sharp Jordan Caron 10 1 2 2
5 vs 5 Defense
Defense Defense Time % Phy DF OF
1 Dennis Wideman Ladislav Smid 40 1 2 2
2 Wade Redden Jiri Fischer 30 1 2 2
3 Chris Phillips Jay McKee 20 1 2 2
4 Matt Carle Dennis Wideman 10 1 2 2
PowerPlay Forward
Center Left Wing Right Wing Time % Phy DF OF
1 Marc Savard Patrick Sharp Devin Setoguchi 60 1 2 2
2 Dustin Boyd Greg Stewart Jonas Hoglund 40 1 2 2
PowerPlay Defense
Defense Defense Time % Phy DF OF
1 Dennis Wideman Ladislav Smid 60 1 2 2
2 Wade Redden Jiri Fischer 40 1 2 2
Penalty Kill 4 Players Forward
Center Wing Time % Phy DF OF
1 Patrick Sharp Marc Savard 60 1 2 2
2 Greg Stewart Devin Setoguchi 40 1 2 2
Penalty Kill 4 Players Defense
Defense Defense Time % Phy DF OF
1 Dennis Wideman Ladislav Smid 60 1 2 2
2 Wade Redden Jiri Fischer 40 1 2 2
Penalty Kill - 3 Players Forward
Forward Time % Phy DF OF
1 Patrick Sharp 60 1 2 2
2 Marc Savard 40 1 2 2
Penalty Kill - 3 Players Defense
Defense Defense Time % Phy DF OF
1 Dennis Wideman Ladislav Smid 60 1 2 2
2 Wade Redden Jiri Fischer 40 1 2 2
4 vs 4 Forward
Center Wing Time % Phy DF OF
1 Patrick Sharp Marc Savard 60 1 2 2
2 Greg Stewart Devin Setoguchi 40 1 2 2
4 vs 4 Defense
Defense Defense Time % Phy DF OF
1 Dennis Wideman Ladislav Smid 60 1 2 2
2 Wade Redden Jiri Fischer 40 1 2 2
Last Minutes Offensive
Center Left Wing Right Wing Defense Defense
Marc Savard Patrick Sharp Devin Setoguchi Dennis Wideman Ladislav Smid
Last Minutes Defensive
Center Left Wing Right Wing Defense Defense
Marc Savard Patrick Sharp Devin Setoguchi Dennis Wideman Ladislav Smid
Goaltenders
Starting : Jonathan Bernier
Backup : Tobias Stephan
Extra Forwards
Normal : Andrei Loktionov, Evgeny Dadonov, Martin Hanzal - PP : Andrei Loktionov, Evgeny Dadonov - PK : Martin Hanzal
Extra Defensemen
Normal : Chris Phillips, Jay McKee, Matt Carle - PP : Chris Phillips - PK : Jay McKee, Matt Carle
Penalty Shots
Patrick Sharp, Marc Savard, Greg Stewart, Devin Setoguchi, Dustin Boyd
% Time on Ice - Flames
Lines # - Real PCT - Wanted PCT - Time Play
Normal Forward
1 - 34% - 39% - 15:04
2 - 31% - 30% - 13:28
3 - 20% - 21% - 8:38
4 - 16% - 10% - 6:58
Normal Defense
1 - 42% - 40% - 18:31
2 - 35% - 30% - 15:14
3 - 19% - 20% - 8:36
4 - 4% - 10% - 1:47
PP Forward
1 - 55% - 60% - 5:28
2 - 45% - 40% - 4:27
PP Defense
1 - 73% - 60% - 7:12
2 - 27% - 40% - 2:43
PK Forward
1 - 72% - 60% - 4:17
2 - 28% - 40% - 1:40
PK Defense
1 - 59% - 60% - 3:29
2 - 41% - 40% - 2:28
PK3 Forward
1 - 0% - 60%
2 - 0% - 40%
PK3 Defense
1 - 0% - 60%
2 - 0% - 40%
44 Forward
1 - 0% - 60%
2 - 0% - 40%
44 Defense
1 - 0% - 60%
2 - 0% - 40%
Last Minute Offensive - 0:00
Last Minute Defensive - 0:00
Total
Forward - 60:00
Defense - 60:00
|
% Time on Ice - Canadiens
Lines # - Real PCT - Wanted PCT - Time Play
Normal Forward
1 - 36% - 40% - 15:51
2 - 27% - 30% - 12:07
3 - 26% - 20% - 11:35
4 - 10% - 10% - 4:35
Normal Defense
1 - 42% - 40% - 18:26
2 - 34% - 30% - 14:50
3 - 22% - 20% - 9:50
4 - 2% - 10% - 1:02
PP Forward
1 - 51% - 60% - 3:03
2 - 49% - 40% - 2:54
PP Defense
1 - 60% - 60% - 3:35
2 - 40% - 40% - 2:22
PK Forward
1 - 77% - 60% - 7:36
2 - 23% - 40% - 2:19
PK Defense
1 - 66% - 60% - 6:32
2 - 34% - 40% - 3:23
PK3 Forward
1 - 0% - 60%
2 - 0% - 40%
PK3 Defense
1 - 0% - 60%
2 - 0% - 40%
44 Forward
1 - 0% - 60%
2 - 0% - 40%
44 Defense
1 - 0% - 60%
2 - 0% - 40%
Last Minute Offensive - 0:00
Last Minute Defensive - 0:00
Total
Forward - 60:00
Defense - 60:00
|
Play by Play
1st period
0:01 of 1st period - Eric Staal wins face-off versus Marc Savard in neutral zone.
0:23 of 1st period - Minor Penalty to Alexander Semin for Hooking.
0:24 of 1st period - Marc Savard wins face-off versus Jordin Tootoo in Flames zone.
1:22 of 1st period - Jiri Fischer is hit by Marcel Goc and loses puck.
2:23 of 1st period - Penalty to Alexander Semin is over, Alexander Semin is back on ice.
2:38 of 1st period - Jiri Tlusty is hit by Mark Bell and loses puck.
4:08 of 1st period - Chris Phillips is hit by Noah Welch and loses puck.
4:32 of 1st period - Snap shot by Steve Regier.
4:32 of 1st period - Deflect By Jiri Fischer.
4:32 of 1st period - Stopped by Jonathan Bernier without a rebound.
4:33 of 1st period - Marc Savard wins face-off versus Marcel Goc in Canadiens zone.
5:04 of 1st period - Wrist shot by Alexander Semin.
5:04 of 1st period - Shot Misses the Net.
5:59 of 1st period - Ladislav Smid is hit by Alexander Semin and loses puck.
6:26 of 1st period - Chris Phillips is hit by Mark Bell.
6:40 of 1st period - Minor Penalty to Jay McKee for Roughing.
6:41 of 1st period - Eric Staal wins face-off versus Patrick Sharp in Canadiens zone.
7:19 of 1st period - Jiri Fischer is hit by Erik Johnson and loses puck.
8:40 of 1st period - Penalty to Jay McKee is over, Jay McKee is back on ice.
8:45 of 1st period - Jordin Tootoo is hit by Jiri Tlusty and loses puck.
9:02 of 1st period - Icing by Jay McKee.
9:03 of 1st period - Andrei Loktionov wins face-off versus Colin Wilson in Canadiens zone.
9:12 of 1st period - Snap shot by Dustin Boyd.
9:12 of 1st period - Stopped by Pekka Rinne without a rebound.
9:13 of 1st period - Patrik Berglund wins face-off versus Dustin Boyd in Flames zone.
9:42 of 1st period - Snap shot by Alexander Semin.
9:42 of 1st period - Deflect By Dennis Wideman.
9:42 of 1st period - Stopped by Jonathan Bernier with a rebound.
9:44 of 1st period - Slapshot by Brendan Mikkelson.
9:44 of 1st period - Stopped by Jonathan Bernier with a rebound.
9:46 of 1st period - Wrist shot by Eric Staal.
9:46 of 1st period - Stopped by Jonathan Bernier without a rebound.
9:47 of 1st period - Eric Staal wins face-off versus Marc Savard in Canadiens zone.
9:56 of 1st period - Snap shot by David Backes.
9:56 of 1st period - Stopped by Jonathan Bernier with a rebound.
9:58 of 1st period - Snap shot by Eric Staal.
9:58 of 1st period - Shot Misses the Net.
10:00 of 1st period - Slapshot by Robyn Regehr.
10:00 of 1st period - Deflect By Devin Setoguchi.
10:00 of 1st period - Stopped by Jonathan Bernier without a rebound.
10:01 of 1st period - Patrick Sharp wins face-off versus Patrik Berglund in Canadiens zone.
10:35 of 1st period - Wrist shot by Jonas Hoglund.
10:35 of 1st period - Deflect By Eric Staal.
10:35 of 1st period - Stopped by Pekka Rinne with a rebound.
10:37 of 1st period - Wrist shot by Greg Stewart.
10:37 of 1st period - Stopped by Pekka Rinne without a rebound.
10:38 of 1st period - Marcel Goc wins face-off versus Marc Savard in Flames zone.
11:17 of 1st period - Wrist shot by Marc Savard.
11:17 of 1st period - Shot Misses the Net.
11:49 of 1st period - Snap shot by Colin Wilson.
11:49 of 1st period - Shot Blocked by Marc Savard.
12:03 of 1st period - Minor Penalty to Marc Savard for High sticking.
12:04 of 1st period - Greg Stewart wins face-off versus Eric Staal in Canadiens zone.
12:17 of 1st period - Slapshot by Eric Staal.
12:17 of 1st period - Shot Blocked by Ladislav Smid.
12:19 of 1st period - Snap shot by David Backes.
12:19 of 1st period - Shot Misses the Net.
12:21 of 1st period - Snap shot by Alexander Semin.
12:21 of 1st period - Shot Misses the Net.
13:40 of 1st period - Icing by Eric Staal.
13:41 of 1st period - Dustin Boyd wins face-off versus Eric Staal in Flames zone.
13:50 of 1st period - Ladislav Smid is hit by Michel Ouellet and loses puck.
14:03 of 1st period - Penalty to Marc Savard is over, Marc Savard is back on ice.
14:40 of 1st period - Steve Regier is hit by Dennis Wideman and loses puck.
14:49 of 1st period - Icing by Dennis Wideman.
14:50 of 1st period - Eric Staal wins face-off versus Marc Savard in Canadiens zone.
14:53 of 1st period - Wrist shot by Alexander Semin.
14:53 of 1st period - Shot Blocked by Marc Savard.
15:07 of 1st period - David Backes is hit by Andrei Loktionov and loses puck.
15:14 of 1st period - Wrist shot by Evgeny Dadonov.
15:14 of 1st period - Shot Blocked by Eric Staal.
15:30 of 1st period - Snap shot by Dustin Boyd.
15:30 of 1st period - Goal by Dustin Boyd - Flames : 0 - Canadiens : 1.
15:31 of 1st period - Dustin Boyd wins face-off versus Patrik Berglund in neutral zone.
16:21 of 1st period - Michel Ouellet is hit by Andrei Loktionov and loses puck.
16:40 of 1st period - Robyn Regehr is hit by Martin Hanzal and loses puck.
18:18 of 1st period - Icing by Jordin Tootoo.
18:19 of 1st period - Patrik Berglund wins face-off versus Andrei Loktionov in Flames zone.
18:53 of 1st period - Snap shot by Dustin Boyd.
18:53 of 1st period - Goal by Dustin Boyd - Flames : 0 - Canadiens : 2.
18:54 of 1st period - Eric Staal wins face-off versus Marc Savard in neutral zone.
19:05 of 1st period - Wrist shot by Devin Setoguchi.
19:05 of 1st period - Shot Blocked by Robyn Regehr.
19:21 of 1st period - Snap shot by Andrei Loktionov.
19:21 of 1st period - Shot Blocked by Alexander Semin.
19:23 of 1st period - Snap shot by Jiri Tlusty.
19:23 of 1st period - Shot Misses the Net.
19:25 of 1st period - Slapshot by Jiri Tlusty.
19:25 of 1st period - Stopped by Pekka Rinne without a rebound.
19:26 of 1st period - Patrik Berglund wins face-off versus Andrei Loktionov in Flames zone.
19:32 of 1st period - Icing by Brendan Mikkelson.
19:33 of 1st period - Marc Savard wins face-off versus Patrik Berglund in Flames zone.
Goals for this period are 0 for Flames vs 2 for Canadiens.
Shots for this period are 6 for Flames vs 6 for Canadiens.
2nd period
0:01 of 2nd period - Eric Staal wins face-off versus Marc Savard in neutral zone.
0:16 of 2nd period - Wrist shot by Alexander Semin.
0:16 of 2nd period - Stopped by Jonathan Bernier with a rebound.
0:33 of 2nd period - Wrist shot by Devin Setoguchi.
0:33 of 2nd period - Stopped by Pekka Rinne with a rebound.
0:35 of 2nd period - Slapshot by Jiri Fischer.
0:35 of 2nd period - Shot Misses the Net.
0:37 of 2nd period - Snap shot by Devin Setoguchi.
0:37 of 2nd period - Shot Misses the Net.
0:43 of 2nd period - Snap shot by Devin Setoguchi.
0:43 of 2nd period - Shot Blocked by Mark Bell.
0:51 of 2nd period - Slapshot by Mark Bell.
0:51 of 2nd period - Stopped by Jonathan Bernier with a rebound.
1:05 of 2nd period - Slapshot by Patrick Sharp.
1:05 of 2nd period - Stopped by Pekka Rinne with a rebound.
1:07 of 2nd period - Slapshot by Jiri Fischer.
1:07 of 2nd period - Shot Misses the Net.
1:09 of 2nd period - Snap shot by Wade Redden.
1:09 of 2nd period - Shot Blocked by Jordin Tootoo.
1:15 of 2nd period - Snap shot by Patrick Sharp.
1:15 of 2nd period - Goal by Patrick Sharp - Flames : 0 - Canadiens : 3.
1:15 of 2nd period - Craig Anderson enters game.
1:16 of 2nd period - Eric Staal wins face-off versus Dustin Boyd in neutral zone.
1:18 of 2nd period - Minor Penalty to David Backes for Hooking.
1:19 of 2nd period - Dustin Boyd wins face-off versus Marcel Goc in Flames zone.
1:19 of 2nd period - Snap shot by Greg Stewart.
1:19 of 2nd period - Stopped by Craig Anderson without a rebound.
1:20 of 2nd period - Marcel Goc wins face-off versus Dustin Boyd in Flames zone.
3:18 of 2nd period - Penalty to David Backes is over, David Backes is back on ice.
3:47 of 2nd period - Wrist shot by Tomas Kaberle.
3:47 of 2nd period - Stopped by Jonathan Bernier with a rebound.
4:15 of 2nd period - Eric Staal is hit by Martin Hanzal and loses puck.
4:26 of 2nd period - Noah Welch is hit by Evgeny Dadonov.
4:32 of 2nd period - Jiri Fischer is hit by Noah Welch and loses puck.
5:32 of 2nd period - Noah Welch is hit by Greg Stewart and loses puck.
6:22 of 2nd period - Noah Welch is hit by Andrei Loktionov and loses puck.
6:37 of 2nd period - Minor Penalty to Noah Welch for Interference.
6:38 of 2nd period - Marcel Goc wins face-off versus Marc Savard in Flames zone.
6:38 of 2nd period - Marcel Goc is hit by Dennis Wideman.
7:00 of 2nd period - Icing by Dennis Wideman.
7:01 of 2nd period - Marc Savard wins face-off versus Marcel Goc in Canadiens zone.
8:24 of 2nd period - Jonas Hoglund is hit by Jordin Tootoo and loses puck.
8:37 of 2nd period - Penalty to Noah Welch is over, Noah Welch is back on ice.
8:42 of 2nd period - Snap shot by Andrei Loktionov.
8:42 of 2nd period - Shot Blocked by Marcel Goc.
8:44 of 2nd period - Wrist shot by Evgeny Dadonov.
8:44 of 2nd period - Deflect By Andrei Loktionov.
8:44 of 2nd period - Canadiens goal is going for a video replay.
8:44 of 2nd period - The goal is good.
8:44 of 2nd period - Goal by Andrei Loktionov - Flames : 0 - Canadiens : 4.
8:45 of 2nd period - Marc Savard wins face-off versus Eric Staal in neutral zone.
9:15 of 2nd period - Snap shot by Ron Hainsey.
9:15 of 2nd period - Deflect By Greg Stewart.
9:15 of 2nd period - Stopped by Jonathan Bernier without a rebound.
9:16 of 2nd period - Patrik Berglund wins face-off versus Dustin Boyd in Canadiens zone.
9:45 of 2nd period - Minor Penalty to Dustin Boyd for Cross-checking.
9:46 of 2nd period - Patrick Sharp wins face-off versus Eric Staal in Canadiens zone.
10:21 of 2nd period - Devin Setoguchi is hit by Erik Johnson and loses puck.
10:30 of 2nd period - Slapshot by Eric Staal.
10:30 of 2nd period - Deflect By David Backes.
10:30 of 2nd period - Shot Blocked by Ladislav Smid.
10:30 of 2nd period - Puck is out of play.
10:31 of 2nd period - Patrick Sharp wins face-off versus Patrik Berglund in Canadiens zone.
10:44 of 2nd period - Slapshot by Noah Welch.
10:44 of 2nd period - Deflect By Steve Regier.
10:44 of 2nd period - Shot Hit the Post.
10:44 of 2nd period - Puck is out of play.
10:45 of 2nd period - Marc Savard wins face-off versus Patrik Berglund in Canadiens zone.
11:45 of 2nd period - Penalty to Dustin Boyd is over, Dustin Boyd is back on ice.
12:41 of 2nd period - Off-side.
12:42 of 2nd period - Patrik Berglund wins face-off versus Martin Hanzal in neutral zone.
13:26 of 2nd period - Wrist shot by Michel Ouellet.
13:26 of 2nd period - Shot Misses the Net.
14:02 of 2nd period - Slapshot by Greg Stewart.
14:02 of 2nd period - Stopped by Craig Anderson without a rebound.
14:03 of 2nd period - Patrik Berglund wins face-off versus Dustin Boyd in Flames zone.
14:12 of 2nd period - Mark Bell is hit by Greg Stewart.
14:16 of 2nd period - Snap shot by Greg Stewart.
14:16 of 2nd period - Stopped by Craig Anderson without a rebound.
14:17 of 2nd period - Marc Savard wins face-off versus Eric Staal in Flames zone.
14:50 of 2nd period - Wrist shot by Dustin Boyd.
14:50 of 2nd period - Shot Blocked by Tomas Kaberle.
14:52 of 2nd period - Backhand shot by Jonas Hoglund.
14:52 of 2nd period - Shot Misses the Net.
14:54 of 2nd period - Slapshot by Dustin Boyd.
14:54 of 2nd period - Goal by Dustin Boyd - Flames : 0 - Canadiens : 5.
14:55 of 2nd period - Marc Savard wins face-off versus Eric Staal in neutral zone.
15:04 of 2nd period - Wrist shot by Alexander Semin.
15:04 of 2nd period - Shot Misses the Net.
15:06 of 2nd period - Slapshot by Steve Eminger.
15:06 of 2nd period - Shot Blocked by Dennis Wideman.
15:08 of 2nd period - Slapshot by Steve Eminger.
15:08 of 2nd period - Stopped by Jonathan Bernier without a rebound.
15:09 of 2nd period - Eric Staal wins face-off versus Marc Savard in Canadiens zone.
15:16 of 2nd period - Snap shot by David Backes.
15:16 of 2nd period - Stopped by Jonathan Bernier without a rebound.
15:17 of 2nd period - Patrick Sharp wins face-off versus Eric Staal in Canadiens zone.
15:23 of 2nd period - Icing by Dennis Wideman.
15:24 of 2nd period - Marc Savard wins face-off versus Eric Staal in Canadiens zone.
15:39 of 2nd period - Slapshot by Alexander Semin.
15:39 of 2nd period - Shot Misses the Net.
15:41 of 2nd period - Slapshot by Erik Johnson.
15:41 of 2nd period - Stopped by Jonathan Bernier with a rebound.
16:26 of 2nd period - Icing by Jiri Tlusty.
16:27 of 2nd period - Andrei Loktionov wins face-off versus Colin Wilson in Canadiens zone.
17:19 of 2nd period - Slapshot by Jiri Tlusty.
17:19 of 2nd period - Stopped by Craig Anderson without a rebound.
17:20 of 2nd period - Patrik Berglund wins face-off versus Marc Savard in Flames zone.
17:50 of 2nd period - David Backes is hit by Greg Stewart and loses puck.
18:17 of 2nd period - Slapshot by Wade Redden.
18:17 of 2nd period - Deflect By Evgeny Dadonov.
18:17 of 2nd period - Stopped by Craig Anderson without a rebound.
18:18 of 2nd period - Marc Savard wins face-off versus Patrik Berglund in Flames zone.
18:45 of 2nd period - David Backes is hit by Dustin Boyd and loses puck.
19:31 of 2nd period - Snap shot by Evgeny Dadonov.
19:31 of 2nd period - Shot Misses the Net.
19:33 of 2nd period - Wrist shot by Patrick Sharp.
19:33 of 2nd period - Shot Misses the Net.
19:35 of 2nd period - Snap shot by Martin Hanzal.
19:35 of 2nd period - Stopped by Craig Anderson with a rebound.
19:37 of 2nd period - Wrist shot by Martin Hanzal.
19:37 of 2nd period - Shot Blocked by Tomas Kaberle.
Goals for this period are 0 for Flames vs 3 for Canadiens.
Shots for this period are 7 for Flames vs 11 for Canadiens.
3rd period
0:01 of 3rd period - Marc Savard wins face-off versus Eric Staal in neutral zone.
0:04 of 3rd period - Backhand shot by Patrick Sharp.
0:04 of 3rd period - Goal by Patrick Sharp - Flames : 0 - Canadiens : 6.
0:04 of 3rd period - Pekka Rinne enters game.
0:05 of 3rd period - Eric Staal wins face-off versus Marc Savard in neutral zone.
0:10 of 3rd period - Slapshot by Erik Johnson.
0:10 of 3rd period - Stopped by Jonathan Bernier with a rebound.
0:52 of 3rd period - Icing by Michel Ouellet.
0:53 of 3rd period - Marcel Goc wins face-off versus Martin Hanzal in Flames zone.
1:00 of 3rd period - Slapshot by Marcel Goc.
1:00 of 3rd period - Shot Hit the Post.
1:08 of 3rd period - Snap shot by Patrick Sharp.
1:08 of 3rd period - Shot Misses the Net.
1:42 of 3rd period - Slapshot by Greg Stewart.
1:42 of 3rd period - Shot Misses the Net.
1:44 of 3rd period - Snap shot by Andrei Loktionov.
1:44 of 3rd period - Shot Misses the Net.
1:46 of 3rd period - Snap shot by Andrei Loktionov.
1:46 of 3rd period - Stopped by Pekka Rinne without a rebound.
1:47 of 3rd period - Patrik Berglund wins face-off versus Andrei Loktionov in Flames zone.
1:47 of 3rd period - Patrik Berglund is hit by Andrei Loktionov.
2:16 of 3rd period - Robyn Regehr is hit by Wade Redden and loses puck.
2:33 of 3rd period - Slapshot by Evgeny Dadonov.
2:33 of 3rd period - Stopped by Pekka Rinne with a rebound.
2:35 of 3rd period - Wrist shot by Wade Redden.
2:35 of 3rd period - Shot Misses the Net.
2:37 of 3rd period - Slapshot by Wade Redden.
2:37 of 3rd period - Shot Misses the Net.
2:39 of 3rd period - Slapshot by Jiri Fischer.
2:39 of 3rd period - Shot Misses the Net.
2:41 of 3rd period - Wrist shot by Jiri Tlusty.
2:41 of 3rd period - Stopped by Pekka Rinne with a rebound.
2:43 of 3rd period - Slapshot by Jiri Fischer.
2:43 of 3rd period - Stopped by Pekka Rinne with a rebound.
2:47 of 3rd period - Snap shot by Evgeny Dadonov.
2:47 of 3rd period - Goal by Evgeny Dadonov - Flames : 0 - Canadiens : 7.
2:48 of 3rd period - Eric Staal wins face-off versus Marc Savard in neutral zone.
3:05 of 3rd period - Snap shot by David Backes.
3:05 of 3rd period - Stopped by Jonathan Bernier without a rebound.
3:06 of 3rd period - Dustin Boyd wins face-off versus Marcel Goc in Canadiens zone.
3:13 of 3rd period - Slapshot by Marcel Goc.
3:13 of 3rd period - Deflect By Dustin Boyd.
3:13 of 3rd period - Shot Misses the Net.
3:13 of 3rd period - Puck is out of play.
3:14 of 3rd period - Marcel Goc wins face-off versus Dustin Boyd in Canadiens zone.
3:39 of 3rd period - Wrist shot by Eric Staal.
3:39 of 3rd period - Stopped by Jonathan Bernier with a rebound.
3:43 of 3rd period - Wrist shot by Alexander Semin.
3:43 of 3rd period - Stopped by Jonathan Bernier without a rebound.
3:44 of 3rd period - Marc Savard wins face-off versus Eric Staal in Canadiens zone.
3:55 of 3rd period - Wrist shot by Marc Savard.
3:55 of 3rd period - Stopped by Pekka Rinne without a rebound.
3:55 of 3rd period - Brendan Mikkelson beats up Devin Setoguchi.
3:55 of 3rd period - Penalty to Devin Setoguchi for Fighting.
3:55 of 3rd period - Penalty to Brendan Mikkelson for Fighting.
3:56 of 3rd period - Eric Staal wins face-off versus Marc Savard in Flames zone.
4:29 of 3rd period - Snap shot by Michel Ouellet.
4:29 of 3rd period - Stopped by Jonathan Bernier with a rebound.
4:37 of 3rd period - Snap shot by Marcel Goc.
4:37 of 3rd period - Shot Misses the Net.
4:51 of 3rd period - Icing by Tomas Kaberle.
4:52 of 3rd period - Patrik Berglund wins face-off versus Dustin Boyd in Flames zone.
4:52 of 3rd period - Patrik Berglund is hit by Dustin Boyd.
4:57 of 3rd period - Icing by Tomas Kaberle.
4:58 of 3rd period - Dustin Boyd wins face-off versus Patrik Berglund in Flames zone.
5:12 of 3rd period - Snap shot by Jordin Tootoo.
5:12 of 3rd period - Deflect By Mark Bell.
5:12 of 3rd period - Stopped by Jonathan Bernier with a rebound.
5:18 of 3rd period - Wrist shot by Jordin Tootoo.
5:18 of 3rd period - Shot Misses the Net.
5:30 of 3rd period - Backhand shot by Robyn Regehr.
5:30 of 3rd period - Stopped by Jonathan Bernier with a rebound.
5:38 of 3rd period - Backhand shot by David Backes.
5:38 of 3rd period - Shot Misses the Net.
5:44 of 3rd period - Tomas Kaberle is hit by Wade Redden and loses puck.
5:55 of 3rd period - Tomas Kaberle is hit by Jiri Fischer and loses puck.
6:10 of 3rd period - Wrist shot by Ladislav Smid.
6:10 of 3rd period - Shot Misses the Net.
6:57 of 3rd period - Minor Penalty to Marc Savard for Holding.
6:58 of 3rd period - Patrick Sharp wins face-off versus Eric Staal in Canadiens zone.
7:08 of 3rd period - Wrist shot by Martin Hanzal.
7:08 of 3rd period - Shot Misses the Net.
7:14 of 3rd period - Patrick Sharp is hit by Noah Welch and loses puck.
7:31 of 3rd period - Dennis Wideman is hit by Michel Ouellet and loses puck.
8:55 of 3rd period - Penalty to Devin Setoguchi is over, Devin Setoguchi is back on ice.
8:57 of 3rd period - Penalty to Marc Savard is over, Marc Savard is back on ice.
9:12 of 3rd period - Noah Welch is hit by Andrei Loktionov and loses puck.
9:40 of 3rd period - Michel Ouellet is hit by Jiri Tlusty and loses puck.
10:09 of 3rd period - Martin Hanzal is hit by Brad Marchand and loses puck.
10:27 of 3rd period - Icing by Steve Eminger.
10:28 of 3rd period - Patrik Berglund wins face-off versus Marc Savard in Flames zone.
10:35 of 3rd period - Wrist shot by Jordin Tootoo.
10:35 of 3rd period - Stopped by Jonathan Bernier with a rebound.
10:37 of 3rd period - Slapshot by Robyn Regehr.
10:37 of 3rd period - Shot Hit the Post.
10:49 of 3rd period - Wrist shot by Ladislav Smid.
10:49 of 3rd period - Stopped by Pekka Rinne with a rebound.
10:55 of 3rd period - Dustin Boyd is hit by David Backes.
11:29 of 3rd period - Slapshot by Michel Ouellet.
11:29 of 3rd period - Shot Misses the Net.
11:31 of 3rd period - Snap shot by Marcel Goc.
11:31 of 3rd period - Stopped by Jonathan Bernier without a rebound.
11:32 of 3rd period - Eric Staal wins face-off versus Dustin Boyd in Canadiens zone.
11:43 of 3rd period - Snap shot by Eric Staal.
11:43 of 3rd period - Stopped by Jonathan Bernier without a rebound.
11:44 of 3rd period - Eric Staal wins face-off versus Marc Savard in Canadiens zone.
11:45 of 3rd period - Wrist shot by Alexander Semin.
11:45 of 3rd period - Shot Blocked by Devin Setoguchi.
11:47 of 3rd period - Slapshot by Ron Hainsey.
11:47 of 3rd period - Stopped by Jonathan Bernier with a rebound.
11:49 of 3rd period - Snap shot by Eric Staal.
11:49 of 3rd period - Deflect By David Backes.
11:49 of 3rd period - Shot Blocked by Ladislav Smid.
11:49 of 3rd period - Puck is out of play.
11:50 of 3rd period - Eric Staal wins face-off versus Marc Savard in Canadiens zone.
12:19 of 3rd period - Snap shot by Jiri Tlusty.
12:19 of 3rd period - Shot Misses the Net.
12:31 of 3rd period - Snap shot by Alexander Semin.
12:31 of 3rd period - Stopped by Jonathan Bernier with a rebound.
12:33 of 3rd period - Wrist shot by Eric Staal.
12:33 of 3rd period - Stopped by Jonathan Bernier with a rebound.
12:35 of 3rd period - Snap shot by Brendan Mikkelson.
12:35 of 3rd period - Deflect By Alexander Semin.
12:35 of 3rd period - Shot Misses the Net.
12:35 of 3rd period - Puck is out of play.
12:36 of 3rd period - Marc Savard wins face-off versus Patrik Berglund in Canadiens zone.
12:45 of 3rd period - Wrist shot by Marc Savard.
12:45 of 3rd period - Deflect By Devin Setoguchi.
12:45 of 3rd period - Stopped by Pekka Rinne without a rebound.
12:46 of 3rd period - Mark Bell wins face-off versus Marc Savard in Flames zone.
12:53 of 3rd period - Slapshot by Erik Johnson.
12:53 of 3rd period - Deflect By Patrik Berglund.
12:53 of 3rd period - Goal by Patrik Berglund - Flames : 1 - Canadiens : 7.
12:54 of 3rd period - Eric Staal wins face-off versus Marc Savard in neutral zone.
13:03 of 3rd period - Ladislav Smid is hit by Steve Eminger and loses puck.
13:38 of 3rd period - Icing by Ladislav Smid.
13:39 of 3rd period - Marcel Goc wins face-off versus Andrei Loktionov in Canadiens zone.
13:42 of 3rd period - Snap shot by Marcel Goc.
13:42 of 3rd period - Shot Blocked by Ladislav Smid.
14:25 of 3rd period - Snap shot by Jordin Tootoo.
14:25 of 3rd period - Shot Blocked by Greg Stewart.
14:31 of 3rd period - Snap shot by Patrik Berglund.
14:31 of 3rd period - Goal by Patrik Berglund - Flames : 2 - Canadiens : 7.
14:32 of 3rd period - Marc Savard wins face-off versus Eric Staal in neutral zone.
14:35 of 3rd period - David Backes is hit by Devin Setoguchi and loses puck.
14:40 of 3rd period - Snap shot by Marc Savard.
14:40 of 3rd period - Shot Blocked by David Backes.
14:42 of 3rd period - Slapshot by Wade Redden.
14:42 of 3rd period - Deflect By Patrick Sharp.
14:42 of 3rd period - Stopped by Pekka Rinne with a rebound.
14:44 of 3rd period - Slapshot by Marc Savard.
14:44 of 3rd period - Shot Misses the Net.
14:46 of 3rd period - Snap shot by Patrick Sharp.
14:46 of 3rd period - Shot Blocked by Robyn Regehr.
14:48 of 3rd period - Wrist shot by Patrick Sharp.
14:48 of 3rd period - Deflect By Devin Setoguchi.
14:48 of 3rd period - Stopped by Pekka Rinne without a rebound.
14:49 of 3rd period - Patrik Berglund wins face-off versus Dustin Boyd in Flames zone.
14:51 of 3rd period - Wade Redden beats up Erik Johnson.
14:51 of 3rd period - Penalty to Wade Redden for Fighting.
14:51 of 3rd period - Penalty to Erik Johnson for Fighting.
14:51 of 3rd period - Penalty to Wade Redden for instigated a fight.
14:51 of 3rd period - Penalty to Wade Redden for instigated a fight.
14:52 of 3rd period - Patrick Sharp wins face-off versus Eric Staal in Flames zone.
15:58 of 3rd period - Wrist shot by Greg Stewart.
15:58 of 3rd period - Stopped by Pekka Rinne without a rebound.
15:59 of 3rd period - Eric Staal wins face-off versus Greg Stewart in Flames zone.
16:18 of 3rd period - Marc Savard is hit by Michel Ouellet and loses puck.
16:37 of 3rd period - Greg Stewart is hit by Alexander Semin and loses puck.
16:51 of 3rd period - Penalty to Wade Redden is over, Martin Hanzal is send on ice.
16:54 of 3rd period - Devin Setoguchi is hit by Mark Bell and loses puck.
18:13 of 3rd period - Jiri Tlusty is hit by Tomas Kaberle and loses puck.
18:34 of 3rd period - Dustin Boyd is hit by David Backes and loses puck.
18:49 of 3rd period - Michel Ouellet is hit by Evgeny Dadonov and loses puck.
19:16 of 3rd period - Patrick Sharp is hit by Noah Welch and loses puck.
19:31 of 3rd period - Dennis Wideman is hit by Eric Staal and loses puck.
19:48 of 3rd period - Robyn Regehr is hit by Andrei Loktionov and loses puck.
Goals for this period are 2 for Flames vs 2 for Canadiens.
Shots for this period are 15 for Flames vs 12 for Canadiens.
Back to the Top